[Event "Titled Tuesday Blitz December 13 Late 2022"]
[White "Pasti, Aron"]
[Black "Budisavljevic, Luka"]
[WhiteFideId "785857"]
[BlackFideId "960047"]
[WhiteElo "2250"]
[BlackElo "2424"]
[Result "1/2-1/2"]
[Round "03"]
[TimeControl "180+1"]
[Date "2022.12.14"]
[WhiteClock "0:00:04"]
[BlackClock "0:01:07"]

1. e4 d6 2. d4 g6 3. f4 Bg7 4. Nf3 Bg4 5. Be2 Nc6 6. d5 Bxf3 7. Bxf3 Nd4 8. c3 Nxf3+ 9. Qxf3 Nf6 10. O-O O-O 11. c4 Nd7 12. Nc3 e6 13. Be3 exd5 14. cxd5 a6 15. Qf2 c5 16. dxc6 bxc6 17. Bd4 Nf6 18. Rad1 Qc7 19. Bb6 Qb8 20. Bd4 Re8 21. h3 Nxe4 22. Nxe4 Rxe4 23. Bxg7 Kxg7 24. f5 g5 25. f6+ Kh8 26. Qd2 d5 27. Qxg5 Qg8 28. Qxg8+ Rxg8 29. Rfe1 Rxe1+ 30. Rxe1 h6 31. Re7 Rf8 32. h4 h5 33. Rc7 Kh7 34. Rxc6 Re8 35. Rxa6 Re2 36. b4 Rb2 37. a3 Kg6 38. Kf1 Kf5 39. Rd6 Ke5 40. Rd7 Ke6 41. Rd8 Rb3 42. Ra8 Kxf6 43. Ra5 Ke5 44. b5 Ke4 45. a4 d4 46. Ra7 d3 47. Re7+ Kd4 48. Ke1 Rb1+ 49. Kd2 Rb2+ 50. Kd1 Rxg2 51. b6 Rb2 52. b7 f5 53. a5 f4 54. a6 f3 55. Rd7+ Ke3 56. Re7+ Kd4 57. Rd7+ Ke3 58. Re7+ Kd4 1/2-1/2


[Site "https://www.chess.com"]

[Event "Titled Tuesday Blitz December 13 Late 2022"]
[White "Pein, Jonathan"]
[Black "Liu, Casper"]
[WhiteFideId "417092"]
[BlackFideId "1454153"]
[WhiteElo "2225"]
[BlackElo "2217"]
[Result "1-0"]
[Round "03"]
[TimeControl "180+1"]
[Date "2022.12.14"]
[WhiteClock "0:02:16"]
[BlackClock "0:00:52"]

1. Nf3 c5 2. g3 g6 3. Bg2 Bg7 4. O-O Nf6 5. d3 O-O 6. e4 d6 7. c3 Nc6 8. Re1 Rb8 9. d4 Bg4 10. h3 Bxf3 11. Bxf3 cxd4 12. cxd4 Nd7 13. Be3 Qb6 14. Nc3 Nxd4 15. Bg2 e6 16. Na4 Qb4 17. a3 Qc4 18. Rc1 Ne2+ 19. Rxe2 Qxa4 20. Qxa4 1-0


[Site "https://www.chess.com"]

[Event "Titled Tuesday Blitz December 13 Late 2022"]
[White "Pham, Khoi"]
[Black "Curtis, John"]
[WhiteFideId "1054988"]
[BlackFideId "3200256"]
[WhiteElo "2522"]
[BlackElo "2203"]
[Result "1/2-1/2"]
[Round "03"]
[TimeControl "180+1"]
[Date "2022.12.14"]
[WhiteClock "0:00:13"]
[BlackClock "0:00:14"]

1. c4 Nf6 2. Nc3 c5 3. g3 g6 4. Bg2 Bg7 5. Nf3 O-O 6. O-O d5 7. cxd5 Nxd5 8. Qc2 Nb4 9. Qb1 N8c6 10. a3 Nd5 11. Qc2 Bg4 12. b3 Bxf3 13. Bxf3 Nd4 14. Qd3 Nxf3+ 15. Qxf3 Nxc3 16. dxc3 Qb6 17. Rb1 Rfd8 18. c4 Rac8 19. Bf4 Qc6 20. Qxc6 Rxc6 21. Rfd1 Rcc8 22. Kg2 e6 23. Bg5 f6 24. Be3 Bf8 25. Kf3 Kf7 26. Rxd8 Rxd8 27. b4 cxb4 28. axb4 a6 29. b5 axb5 30. cxb5 e5 31. Rc1 Rd7 32. Rc8 f5 33. Bb6 e4+ 34. Kg2 Be7 35. Bc7 Ke6 36. b6 Kd5 37. Rh8 Bc5 38. Re8 Kc6 39. Re6+ Kb5 40. h4 Rd2 41. Kf1 Rd1+ 42. Kg2 Rd2 43. Kf1 Rd1+ 1/2-1/2


[Site "https://www.chess.com"]

[Event "Titled Tuesday Blitz December 13 Late 2022"]
[White "Prieto Aranguren, Alain"]
[Black "Radovanovic, Dusan"]
[WhiteFideId "2268906"]
[BlackFideId "926868"]
[WhiteElo "2209"]
[BlackElo "2337"]
[Result "0-1"]
[Round "03"]
[TimeControl "180+1"]
[Date "2022.12.14"]
[WhiteClock "0:01:50"]
[BlackClock "0:01:38"]

1. e4 c5 2. f3 d6 3. c3 d5 4. e5 Nc6 5. d4 Bf5 6. h4 h5 7. Bg5 Qb6 8. Qb3 c4 9. Qxb6 axb6 10. Na3 Ra5 11. Kd2 e6 12. Nc2 b5 13. Ne3 Bg6 14. Nh3 b4 15. Nf4 Bh7 16. Nxh5 b5 17. Be2 bxc3+ 18. bxc3 b4 19. Rhb1 Bxb1 20. Rxb1 Rxa2+ 21. Ke1 Rxh5 22. cxb4 Bxb4+ 0-1


[Site "https://www.chess.com"]

[Event "Titled Tuesday Blitz December 13 Late 2022"]
[White "Przybylski, Wojciech"]
[Black "Svane, Frederik"]
[WhiteFideId "1117599"]
[BlackFideId "12923044"]
[WhiteElo "2217"]
[BlackElo "2466"]
[Result "0-1"]
[Round "03"]
[TimeControl "180+1"]
[Date "2022.12.13"]
[WhiteClock "0:00:02"]
[BlackClock "0:00:28"]

1. e4 c5 2. Nf3 e6 3. b3 d6 4. d4 cxd4 5. Nxd4 Nf6 6. Nd2 d5 7. e5 Nfd7 8. f4 Nxe5 9. Bb5+ Bd7 10. Bb2 Bxb5 11. Nxb5 Nec6 12. Qg4 a6 13. Nd4 Nxd4 14. Bxd4 Nc6 15. Bb2 h5 16. Qg3 Ne7 17. O-O-O Nf5 18. Qd3 Qa5 19. Rhe1 O-O-O 20. Kb1 Ba3 21. Be5 Bd6 22. Nf3 Qc7 23. Rc1 Kb8 24. g3 Bxe5 25. Nxe5 Nd6 26. Kb2 Rhe8 27. a4 Ne4 28. Nf3 Qb6 29. Nd4 Nc5 30. Qe3 Nxa4+ 31. Ka1 Nc5 32. Qe5+ Ka8 33. Qxg7 Qb4 34. Nf3 d4 35. Red1 Nxb3+ 36. cxb3 Qa3+ 37. Kb1 Qxb3+ 38. Ka1 Rd5 0-1


[Site "https://www.chess.com"]

[Event "Titled Tuesday Blitz December 13 Late 2022"]
[White "Rangel, Daniel"]
[Black "Harshavardhan G B"]
[WhiteFideId "2124475"]
[BlackFideId "25059009"]
[WhiteElo "2460"]
[BlackElo "2741"]
[Result "0-1"]
[Round "03"]
[TimeControl "180+1"]
[Date "2022.12.14"]
[WhiteClock "0:00:03"]
[BlackClock "0:00:28"]

1. d4 Nf6 2. c4 e6 3. Nc3 Bb4 4. e3 b6 5. Ne2 Bb7 6. a3 Bd6 7. Ng3 h5 8. d5 h4 9. Nge4 Nxe4 10. Nxe4 Be7 11. Be2 f5 12. Bh5+ Kf8 13. Nc3 Na6 14. Bf3 Bf6 15. dxe6 Bxf3 16. e7+ Bxe7 17. Qxf3 g6 18. e4 Kg7 19. exf5 Rf8 20. Qe3 g5 21. g3 Rxf5 22. gxh4 Qf8 23. hxg5 Re8 24. Kd1 Nc5 25. Qd4+ Kg6 26. h4 Nb3 27. h5+ Kh7 28. g6+ Kg8 29. Qxd7 Rd8 30. Qxd8 Qxd8+ 31. Kc2 Nxa1+ 32. Kb1 Nb3 33. h6 Bf6 34. h7+ Kh8 35. Bh6 Bg7 36. Bxg7+ Kxg7 37. Nd5 Rf8 0-1


[Site "https://www.chess.com"]

[Event "Titled Tuesday Blitz December 13 Late 2022"]
[White "Remizov, Yaroslav"]
[Black "Omelja, Artem"]
[WhiteFideId "34134015"]
[BlackFideId "14119846"]
[WhiteElo "2415"]
[BlackElo "2404"]
[Result "1-0"]
[Round "03"]
[TimeControl "180+1"]
[Date "2022.12.13"]
[WhiteClock "0:00:07"]
[BlackClock "0:00:05"]

1. e4 c5 2. Nf3 Nc6 3. Bb5 g6 4. O-O Bg7 5. Re1 e5 6. d3 Nge7 7. Bg5 O-O 8. Nc3 a6 9. Bc4 h6 10. Bxe7 Nxe7 11. Nd5 b5 12. Nxe7+ Qxe7 13. Bd5 Rb8 14. a4 d6 15. axb5 axb5 16. Ra5 Kh7 17. Qa1 f5 18. Ra7 Qf6 19. Qa5 Be6 20. Bxe6 Qxe6 21. Ra1 Rf7 22. Rxf7 Qxf7 23. Qa7 Rb7 24. Qa6 Bf8 25. h3 Rb8 26. Qc6 c4 27. Nd2 cxd3 28. cxd3 Qb7 29. Qxb7+ Rxb7 30. Ra8 Kg7 31. Nb1 d5 32. exd5 Rd7 33. Rb8 Rxd5 34. Rb7+ Kf6 35. Nc3 Rxd3 36. Rb6+ Kg5 37. Rxb5 Bd6 38. Rb6 Bc5 39. Rc6 Bd4 40. h4+ Kh5 41. Kf1 Rd2 42. Ke1 Rxb2 43. Ne2 Rb1+ 44. Rc1 Rxc1+ 45. Nxc1 Kxh4 46. Kf1 Kg5 47. Nb3 Bb6 48. Ke2 e4 49. Nd2 Kf6 50. Nc4 Bc7 51. Na3 Kg5 52. Nb5 Be5 53. Na7 Kg4 54. Nc6 Bf6 55. Nb4 h5 56. Nd5 Bd4 57. Ne7 g5 58. Nd5 f4 59. Kf1 f3 60. gxf3+ exf3 61. Ne7 h4 62. Kg1 h3 63. Nc6 Bc3 64. Ne7 Kf4 65. Nd5+ Kg4 66. Nxc3 Kh4 67. Kh2 Kg4 68. Ne4 Kf4 69. Ng3 g4 70. Nh5+ Kg5 71. Ng3 Kf4 72. Nf1 Ke4 73. Kg3 Kd3 74. Ne3 Ke2 75. Nxg4 Kf1 76. Nh2+ Kg1 77. Nxf3+ Kh1 78. Nh2 Kg1 79. f4 1-0


[Site "https://www.chess.com"]

[Event "Titled Tuesday Blitz December 13 Late 2022"]
[White "Richter, Paul"]
[Black "Moroni, Luca Jr"]
[WhiteFideId "2046350"]
[BlackFideId "865834"]
[WhiteElo "2581"]
[BlackElo "2836"]
[Result "1-0"]
[Round "03"]
[TimeControl "180+1"]
[Date "2022.12.14"]
[WhiteClock "0:00:08"]
[BlackClock "0:00:46"]

1. e4 g6 2. d4 Bg7 3. Nc3 d6 4. f4 Nf6 5. Nf3 O-O 6. e5 dxe5 7. fxe5 Nd5 8. Bc4 c6 9. Nxd5 cxd5 10. Bd3 Nc6 11. c3 f6 12. exf6 exf6 13. O-O Be6 14. Bf4 Qd7 15. Qd2 Rae8 16. Rae1 g5 17. Bg3 h5 18. h4 g4 19. Nh2 f5 20. Bf4 Bf7 21. g3 Re4 22. Bxe4 dxe4 23. Bh6 Bxa2 24. Bxg7 Qxg7 25. Qf4 Ne7 26. Qd6 Bc4 27. Rf2 Nd5 28. Nf1 Qf6 29. Qxf6 Rxf6 30. Ne3 Nxe3 31. Rxe3 Kg7 32. Re1 Kg6 33. b4 Ra6 34. Rc2 Kf6 35. Kf2 Bd3 36. Rb2 Ra3 37. Rc1 f4 38. gxf4 Kf5 39. Ke3 g3 40. Rg2 Kg4 41. Rcg1 Rxc3 42. Rxg3+ Kf5 43. Rg5+ Kf6 44. Rg6+ Kf7 45. Rg7+ Kf6 46. R1g6+ Kf5 47. Rg5+ Ke6 48. d5+ Kd6 49. R7g6+ Kd7 50. Rg7+ Kd6 51. R7g6+ Kc7 52. Rxh5 a5 53. d6+ Kc6 54. Rc5+ Rxc5 55. bxc5 a4 56. h5 a3 57. Rg1 a2 58. Ra1 Bc4 59. Kd4 Bg8 60. h6 b6 61. cxb6 Kxb6 62. Rxa2 1-0


[Site "https://www.chess.com"]

[Event "Titled Tuesday Blitz December 13 Late 2022"]
[White "Riehle, Marco"]
[Black "Mieles Palau, Daniel"]
[WhiteFideId "12904392"]
[BlackFideId "3600467"]
[WhiteElo "2762"]
[BlackElo "2468"]
[Result "0-1"]
[Round "03"]
[TimeControl "180+1"]
[Date "2022.12.14"]
[WhiteClock "0:01:39"]
[BlackClock "0:01:55"]

1. e4 c5 2. a3 g6 3. h4 h5 4. Nc3 Bg7 5. Bc4 d6 6. d3 Nc6 7. Bg5 Nf6 8. Qd2 a6 9. O-O-O b5 10. Ba2 b4 11. axb4 Nxb4 12. Bb3 a5 13. d4 a4 14. Bxa4+ Bd7 15. b3 Bxa4 16. Nxa4 Rxa4 17. bxa4 Qa5 18. c3 Nxe4 19. Qb2 Nxc3 20. Rd2 cxd4 21. Nf3 O-O 22. Rxd4 Bxd4 23. Nxd4 Nd3+ 0-1


[Site "https://www.chess.com"]

[Event "Titled Tuesday Blitz December 13 Late 2022"]
[White "Riff, Vincent"]
[Black "Bryant, Todd"]
[WhiteFideId "617776"]
[BlackFideId "2031299"]
[WhiteElo "2369"]
[BlackElo "2338"]
[Result "1-0"]
[Round "03"]
[TimeControl "180+1"]
[Date "2022.12.14"]
[WhiteClock "0:01:19"]
[BlackClock "0:00:04"]

1. e4 c5 2. Nc3 d6 3. Nf3 Nf6 4. g3 g6 5. Bg2 Bg7 6. O-O Nc6 7. d4 cxd4 8. Nxd4 h5 9. Nxc6 bxc6 10. e5 dxe5 11. Qxd8+ Kxd8 12. Bxc6 Rb8 13. Be3 Rxb2 14. Bxa7 Ba6 15. Rfd1+ Kc7 16. Ba4 Rb7 17. Bc5 e6 18. Bd6+ Kb6 19. Bxe5 h4 20. Rd6+ Ka5 21. Bc6 Rb6 22. Na4 Rxc6 23. Rxc6 Bb5 24. Rc7 Kxa4 25. Rxf7 Nh5 26. Bxg7 Nxg7 27. Rxg7 hxg3 28. fxg3 Rc8 29. Ra7+ Kb4 30. Rb1+ Kc5 31. Ra5 Rb8 32. a4 1-0


[Site "https://www.chess.com"]

[Event "Titled Tuesday Blitz December 13 Late 2022"]
[White "Ronka, Erik"]
[Black "Gorodetzky, David"]
[WhiteFideId "505080"]
[BlackFideId "2813416"]
[WhiteElo "2479"]
[BlackElo "2822"]
[Result "0-1"]
[Round "03"]
[TimeControl "180+1"]
[Date "2022.12.14"]
[WhiteClock "0:00:09"]
[BlackClock "0:00:03"]

1. e4 c6 2. Nc3 d5 3. Nf3 Bg4 4. h3 Bxf3 5. Qxf3 Nf6 6. d4 dxe4 7. Qe3 e6 8. Nxe4 Be7 9. Bd2 Nxe4 10. Qxe4 Qd5 11. Qg4 Bf6 12. c3 Nd7 13. Bd3 h5 14. Qg3 c5 15. O-O cxd4 16. cxd4 h4 17. Qe3 Qxd4 18. Qe2 O-O 19. Rfd1 Qe5 20. Qf3 Rfd8 21. Bf4 Qxb2 22. Rab1 Qc3 23. Bd2 Qe5 24. Bf4 Qc3 25. Bd2 Qc7 26. Rdc1 Qd6 27. Bb4 Ne5 28. Bh7+ Kxh7 29. Qh5+ Kg8 30. Bxd6 Rxd6 31. Rxb7 Rad8 32. Rbb1 Nd3 33. Rd1 a6 34. Qf3 Rd4 35. Qb7 Nc5 36. Qf3 Nd3 37. Qe2 R8d5 38. Qf3 Nf4 39. Rxd4 Rxd4 40. Rd1 Rc4 41. Qb3 Rc3 42. Qb8+ Kh7 43. Qxf4 Rc5 44. Qe4+ g6 45. Qe3 Re5 46. Qf3 Kg7 47. Rd3 Re1+ 48. Kh2 Be5+ 49. g3 hxg3+ 50. fxg3 Ra1 51. Re3 Bd4 52. Re2 e5 53. h4 f5 54. Qb3 Kh6 55. Qc2 Rf1 56. Qd2+ Kg7 57. Qc2 Kf6 58. Qc6+ Kg7 59. Qxa6 e4 60. Qc4 Be5 61. a4 Rf3 62. Rg2 f4 63. Qxe4 fxg3+ 64. Kh3 Rf5 65. a5 Bf6 66. a6 Ra5 67. Qb7+ Kh6 68. a7 Ra1 69. Kg4 Ra4+ 70. Kf3 Ra3+ 71. Ke4 Ra4+ 72. Kd5 Rd4+ 73. Ke6 Bxh4 74. a8=Q Kg5 75. Qd8+ Rxd8 76. Qb5+ Kg4 77. Qe2+ Kh3 78. Rg1 Re8+ 79. Kf7 Rxe2 80. Kxg6 g2 81. Rh1+ gxh1=Q 82. Kf5 Qg2 83. Kf4 Qg3+ 84. Kf5 Qg4# 0-1


[Site "https://www.chess.com"]

[Event "Titled Tuesday Blitz December 13 Late 2022"]
[White "Rosenberg, Evan S"]
[Black "Arkell, Keith C"]
[WhiteFideId "2019299"]
[BlackFideId "400270"]
[WhiteElo "2428"]
[BlackElo "2655"]
[Result "0-1"]
[Round "03"]
[TimeControl "180+1"]
[Date "2022.12.14"]
[WhiteClock "0:00:12"]
[BlackClock "0:01:37"]

1. d4 e6 2. Nf3 Nf6 3. g3 b5 4. Bg2 Bb7 5. O-O c5 6. Na3 a6 7. c4 cxd4 8. cxb5 Bxa3 9. bxa3 axb5 10. Qxd4 O-O 11. Rb1 Bc6 12. Bg5 h6 13. Bxf6 Qxf6 14. Qxf6 gxf6 15. Rb3 Na6 16. Nd4 Bxg2 17. Kxg2 Nc7 18. Rc1 Ra7 19. Nxb5 Nxb5 20. Rxb5 Rxa3 21. Rc2 d5 22. Rb3 Ra4 23. f3 Rfa8 24. Rbb2 f5 25. Kf2 Ra3 26. Kg2 Kg7 27. Kf1 Kg6 28. Ke1 h5 29. Kd1 h4 30. Kc1 hxg3 31. hxg3 Kg5 32. Kb1 f4 33. gxf4+ Kxf4 34. Rb4+ Ke3 35. Rb3+ Rxb3+ 36. axb3 d4 37. Kb2 Rb8 38. Ka3 Rd8 39. b4 d3 40. Rc3 Kxe2 0-1


[Site "https://www.chess.com"]

[Event "Titled Tuesday Blitz December 13 Late 2022"]
[White "Sailer, Mike"]
[Black "Meduri, Aakaash"]
[WhiteFideId "2012901"]
[BlackFideId "2032252"]
[WhiteElo "2109"]
[BlackElo "2113"]
[Result "0-1"]
[Round "03"]
[TimeControl "180+1"]
[Date "2022.12.14"]
[WhiteClock "0:00:01"]
[BlackClock "0:00:04"]

1. Nf3 d5 2. c4 c6 3. g3 g6 4. Bg2 Bg7 5. O-O dxc4 6. a4 e5 7. Na3 Be6 8. Qc2 Ne7 9. Nxc4 Qc7 10. Rb1 O-O 11. b4 Nd7 12. Bb2 h6 13. Rfc1 Rac8 14. d3 Nd5 15. b5 cxb5 16. axb5 N5b6 17. Nfd2 Bd5 18. Bxd5 Nxd5 19. Ne4 Qb8 20. Ned6 Rc7 21. Qd2 Qd8 22. Ba3 Kh7 23. Rc2 f5 24. Rbc1 f4 25. b6 N7xb6 26. Nxb6 Rxc2 27. Qxc2 fxg3 28. hxg3 Qxb6 29. e4 Nf6 30. Nc4 Qd4 31. Bxf8 Bxf8 32. Ne3 Bg7 33. Qc3 Qd6 34. Qc7 Qxd3 35. Qxb7 Qxe4 36. Qxe4 Nxe4 37. Ra1 Nd2 38. Rxa7 e4 39. Re7 h5 40. Nd5 Kh6 41. Re6 Bd4 42. Nf6 Nf3+ 43. Kg2 Ng5 44. Rxe4 Bxf6 45. Ra4 Nf7 46. f4 Kg7 47. Ra6 Be7 48. Ra7 Bc5 49. Rc7 Bd4 50. Kf3 Bb2 51. Ra7 Bf6 52. Rb7 Bd8 53. Ra7 Bb6 54. Rb7 Bc5 55. Rc7 Bd6 56. Rd7 Kf6 57. Ra7 Ke6 58. Rb7 Nh6 59. Ra7 Nf5 60. Ra6 Nd4+ 61. Ke4 Ne2 62. Kf3 Nd4+ 63. Ke4 Nb3 64. Ra8 Nc5+ 65. Kf3 Kf6 66. Ra6 Ke6 67. Rb6 Nd7 68. Rb7 Nf6 69. Ra7 Nd5 70. Ra6 Nc7 71. Ra7 Kf6 72. Ke4 Ne8 73. Kd5 Bb4 74. Ra6+ Kf5 75. Rb6 Be1 76. Rb3 Nf6+ 77. Kd6 Bxg3 78. Ke7 Ne4 0-1


[Site "https://www.chess.com"]

[Event "Titled Tuesday Blitz December 13 Late 2022"]
[White "Samsonkin, Artiom"]
[Black "Sadhwani, Raunak"]
[WhiteFideId "13503111"]
[BlackFideId "35093487"]
[WhiteElo "2524"]
[BlackElo "2657"]
[Result "0-1"]
[Round "03"]
[TimeControl "180+1"]
[Date "2022.12.13"]
[WhiteClock "0:00:22"]
[BlackClock "0:00:14"]

1. e4 c6 2. d4 d5 3. e5 Bf5 4. h4 Qb6 5. g4 Bd7 6. Nc3 e6 7. Na4 Qa5+ 8. c3 Qc7 9. Nf3 b6 10. Be3 c5 11. b3 cxd4 12. cxd4 Ba3 13. Bd2 Ne7 14. Nc3 a6 15. Rb1 Nbc6 16. h5 h6 17. Be2 f6 18. exf6 gxf6 19. Bd3 Nb4 20. Qe2 Rg8 21. Nh4 Nxd3+ 22. Qxd3 Rxg4 23. Bxh6 e5 24. dxe5 Qxe5+ 25. Qe3 Qxe3+ 26. Bxe3 d4 27. f3 Rxh4 28. Rxh4 dxc3 29. h6 Kf7 30. h7 Rh8 31. Rd1 Be6 32. Bc1 c2 33. Bxa3 cxd1=Q+ 34. Kxd1 Ng6 35. Ra4 a5 36. b4 Rxh7 37. bxa5 Rh1+ 38. Kd2 Rh2+ 39. Ke3 bxa5 40. Rxa5 Ne5 41. Ra7+ Kg6 42. Bc5 Rxa2 43. Rxa2 Bxa2 44. f4 Nc6 45. Kf3 f5 46. Kg3 Bd5 47. Ba3 Be4 48. Bb2 Nb4 49. Bc3 Nd5 50. Be5 Kf7 51. Kf2 Ke6 52. Kg3 Kd7 53. Bb8 Kc6 54. Be5 Kb5 55. Bg7 Kc4 56. Be5 Kd3 57. Bb8 Ke2 58. Be5 Kf1 59. Bd6 Nc3 60. Be5 Ne2+ 61. Kh4 Kf2 62. Kg5 Ke3 63. Bd6 Kf3 64. Be5 Bd3 65. Bd6 Ng1 66. Kh4 Ke4 67. Bc7 Nf3+ 68. Kg3 Nd4 69. Kh4 Ne6 70. Bb8 Nxf4 71. Kg3 Nd5 72. Kf2 Nb4 73. Kg3 Nc6 74. Bd6 Ne5 75. Bc7 f4+ 76. Kg2 f3+ 77. Kg3 Nc4 78. Bb8 Ke3 79. Ba7+ Ke2 80. Bf2 Ne3 81. Bg1 Nf5+ 82. Kf4 Nd6 83. Ke5 Nc4+ 84. Kd4 Nd2 85. Kc3 Ne4+ 86. Kd4 f2 87. Bxf2 Nxf2 88. Ke5 Ke3 89. Kd5 Be4+ 90. Ke5 Nd3+ 91. Kd6 Kd4 92. Ke6 Nc5+ 93. Kd6 Bd5 94. Ke7 Ke5 95. Kf8 Kf6 96. Ke8 Bc6+ 97. Kf8 Ne6+ 98. Kg8 Kg6 99. Kh8 Be4 100. Kg8 Kf6 101. Kh8 Ng5 102. Kg8 Nf7 103. Kf8 Bh7 104. Ke8 Ne5 105. Kd8 Ke6 106. Kc7 Nd7 107. Kc6 Bd3 108. Kc7 Bb5 109. Kd8 Nf6 110. Kc7 Nd5+ 111. Kd8 Kd6 112. Kc8 Bc6 113. Kd8 Nc7 114. Kc8 Ne6 115. Kb8 Kc5 116. Kc8 Kb5 117. Kb8 Ka6 118. Kc8 Kb6 119. Kb8 Bd7 120. Ka8 Nc7+ 121. Kb8 Na6+ 0-1


[Site "https://www.chess.com"]

[Event "Titled Tuesday Blitz December 13 Late 2022"]
[White "Sanchez, Robert"]
[Black "O`Gorman, Tom"]
[WhiteFideId "2034360"]
[BlackFideId "2508249"]
[WhiteElo "2360"]
[BlackElo "2271"]
[Result "0-1"]
[Round "03"]
[TimeControl "180+1"]
[Date "2022.12.14"]
[WhiteClock "0:00:03"]
[BlackClock "0:00:16"]

1. Nf3 Nf6 2. e3 g6 3. c4 Bg7 4. Nc3 O-O 5. d4 b6 6. Be2 Bb7 7. O-O d6 8. b3 Nbd7 9. Bb2 e5 10. d5 Re8 11. e4 Nh5 12. Ne1 Nf4 13. Bf3 f5 14. Nd3 Nc5 15. Nxf4 exf4 16. exf5 gxf5 17. Qc2 Ne4 18. Rfe1 Ng5 19. Bh5 Rf8 20. Qd3 Qf6 21. Na4 Qh6 22. Bxg7 Qxg7 23. Bf3 Rae8 24. Nc3 Bc8 25. Kh1 Re5 26. Nb5 Rfe8 27. Rf1 Ne4 28. Rad1 Qg5 29. Nd4 Qh4 30. Kg1 Bd7 31. g3 fxg3 32. fxg3 Qg5 33. Bg2 Nc5 34. Qc3 Re3 35. Qd2 R8e5 36. Nf3 Qh6 37. Nxe5 dxe5 38. d6 c6 39. Rde1 f4 40. gxf4 exf4 41. Qf2 Nd3 42. Qd2 Nxe1 43. Rxe1 Rxe1+ 44. Qxe1 Qxd6 45. Qh4 Qd4+ 46. Kf1 Qd3+ 47. Kg1 Qe3+ 48. Qf2 Kf7 49. Bf1 Kf6 50. Qxe3 fxe3 51. Be2 Ke5 52. Kg2 Kd4 53. Kf3 Be8 54. Kf4 Bg6 55. h4 c5 56. a3 Bd3 57. Bf3 e2 0-1


[Site "https://www.chess.com"]

[Event "Titled Tuesday Blitz December 13 Late 2022"]
[White "Sarana, Alexey"]
[Black "Erdogdu, Mert"]
[WhiteFideId "24133795"]
[BlackFideId "6301495"]
[WhiteElo "2708"]
[BlackElo "2408"]
[Result "1-0"]
[Round "03"]
[TimeControl "180+1"]
[Date "2022.12.13"]
[WhiteClock "0:00:08"]
[BlackClock "0:00:07"]

1. d4 d5 2. c4 e6 3. Nc3 c5 4. dxc5 d4 5. Na4 e5 6. Nf3 Nc6 7. e3 Bxc5 8. Nxc5 Qa5+ 9. Bd2 Qxc5 10. exd4 exd4 11. Bd3 Nf6 12. Qe2+ Be6 13. Ng5 O-O 14. Nxe6 fxe6 15. Qxe6+ Kh8 16. O-O Rae8 17. Qf5 Re5 18. Qh3 Rh5 19. Qg3 Ne5 20. b4 Qc8 21. c5 Nd5 22. Rae1 Qc7 23. Be4 Nc3 24. Bf4 Qe7 25. Bxb7 Qxb7 26. Bxe5 Rhf5 27. Bxd4 Nd5 28. a3 Nf4 29. Be3 Nh5 30. Qg4 g6 31. Bd4+ Kg8 32. g3 Nf6 33. Qe2 Nd5 34. Qe6+ R5f7 35. c6 Qb5 36. Bc5 Rd8 37. c7 Nxc7 38. Qe5 Nd5 39. Rd1 Rfd7 40. Qe6+ Rf7 41. Rxd5 Re8 42. Qd6 Qe2 43. Rd2 Qe4 44. Qd5 Qxd5 45. Rxd5 Re2 46. Rd8+ Kg7 47. Ra8 Kh6 48. Rxa7 Rf5 49. Be3+ g5 50. Kg2 Kh5 51. h3 Re5 52. Ra6 R5xe3 53. g4+ Kh4 54. Rh6# 1-0


[Site "https://www.chess.com"]

[Event "Titled Tuesday Blitz December 13 Late 2022"]
[White "Sariego Figueredo, Wilfredo"]
[Black "Miszler, Levente"]
[WhiteFideId "3500080"]
[BlackFideId "763276"]
[WhiteElo "2309"]
[BlackElo "2176"]
[Result "1-0"]
[Round "03"]
[TimeControl "180+1"]
[Date "2022.12.14"]
[WhiteClock "0:00:02"]
[BlackClock "0:00:02"]

1. d4 d5 2. Bf4 h6 3. e3 g5 4. Bg3 Bg7 5. c3 Nc6 6. Bd3 Nf6 7. Nf3 Bg4 8. Qb3 Qc8 9. Nbd2 O-O 10. h4 Bxf3 11. Nxf3 g4 12. Ne5 h5 13. Qc2 Nd7 14. Nxc6 bxc6 15. f3 e5 16. fxg4 e4 17. Be2 Nf6 18. gxh5 Bh6 19. Bf4 Kh7 20. Bxh6 Kxh6 21. O-O-O Qe6 22. Rdf1 Rg8 23. g4 Nxg4 24. Bxg4 Rxg4 25. Qf2 Rg7 26. Rhg1 Rag8 27. Qf4+ Kxh5 28. Rg5+ Rxg5 29. hxg5 Rxg5 30. Rh1+ Kg6 31. Qxc7 Rg2 32. Qf4 Kg7 33. Qb8 Kf6 34. Rh6+ Rg6 35. Rh1 Qg4 36. Qd8+ Ke6 37. Qc8+ Ke7 38. Qc7+ Ke6 39. Qe5+ Kd7 40. Qb8 Qe2 41. Qxa7+ Kd6 42. Qb8+ Kd7 43. Qb7+ Kd6 44. Qb8+ Kd7 45. Qa7+ Ke6 46. Qa4 Qxe3+ 47. Kb1 Qd3+ 48. Ka1 Kd6 49. Qb4+ Kd7 50. Qb7+ Kd6 51. Qb8+ Kd7 52. Qb7+ Kd6 53. Qxf7 Rg1+ 54. Rxg1 Qe3 55. Rg6# 1-0


[Site "https://www.chess.com"]

[Event "Titled Tuesday Blitz December 13 Late 2022"]
[White "Shapiro, Daniel"]
[Black "Marcolino, Daniel Mattos"]
[WhiteFideId "2001780"]
[BlackFideId "2106841"]
[WhiteElo "2363"]
[BlackElo "2134"]
[Result "1-0"]
[Round "03"]
[TimeControl "180+1"]
[Date "2022.12.14"]
[WhiteClock "0:00:13"]
[BlackClock "0:00:13"]

1. d4 d5 2. c4 e6 3. Nf3 Nf6 4. g3 dxc4 5. Bg2 a6 6. O-O Nc6 7. a4 Rb8 8. e3 Bb4 9. Qc2 b5 10. axb5 axb5 11. b3 Na5 12. bxc4 Nxc4 13. Ne5 Nxe5 14. dxe5 Nd5 15. Rd1 Qe7 16. e4 Nb6 17. Qc6+ Bd7 18. Qxc7 O-O 19. Qc2 Rfc8 20. Qe2 Nc4 21. Ra7 Rd8 22. h4 h6 23. Bf4 Qe8 24. Qg4 Kf8 25. Qh5 Ra8 26. Rc7 Rac8 27. Rb7 Rb8 28. Rxb8 Rxb8 29. Rd3 Bc6 30. Bxh6 Rd8 31. Bxg7+ Kxg7 32. Qg5+ Kf8 33. Rxd8 1-0


[Site "https://www.chess.com"]

[Event "Titled Tuesday Blitz December 13 Late 2022"]
[White "Silvestre, Christian"]
[Black "Dias, Joao Batista"]
[WhiteFideId "30956269"]
[BlackFideId "2108240"]
[WhiteElo "2337"]
[BlackElo "1898"]
[Result "1-0"]
[Round "03"]
[TimeControl "180+1"]
[Date "2022.12.14"]
[WhiteClock "0:00:08"]
[BlackClock "0:00:24"]

1. d4 d5 2. Bg5 Nf6 3. Bxf6 exf6 4. e3 Bd6 5. c4 dxc4 6. Bxc4 O-O 7. Nc3 b6 8. Bd5 c6 9. Bf3 Bb7 10. Nge2 Qe7 11. O-O c5 12. Bxb7 Qxb7 13. dxc5 Bxc5 14. Qa4 Nc6 15. Rac1 Rad8 16. Ne4 Ne5 17. N2g3 Be7 18. Rfd1 g6 19. Nc3 Nd3 20. Rb1 Nc5 21. Qc4 Rc8 22. Nd5 Kg7 23. Rbc1 Rfd8 24. Nxe7 Qxe7 25. Qg4 Qe6 26. Nh5+ Kg8 27. Qxe6 Nxe6 28. Nxf6+ Kg7 29. Ne4 Kf8 30. h4 h5 31. Rxc8 Rxc8 32. Rd7 a5 33. Nd6 Rc6 34. Rxf7+ Kg8 35. Rd7 Nc5 36. Rd8+ Kg7 37. Nc4 Ne4 38. b3 b5 39. Rd7+ Kg8 40. Ne5 Rc1+ 41. Kh2 Nxf2 42. Nxg6 Ng4+ 43. Kg3 Nxe3 44. Kf4 Nxg2+ 45. Kg5 Rc5+ 46. Kh6 Rc6 47. Rg7# 1-0


[Site "https://www.chess.com"]

[Event "Titled Tuesday Blitz December 13 Late 2022"]
[White "Sjugirov, Sanan"]
[Black "Averjanov, Alexey"]
[WhiteFideId "4189302"]
[BlackFideId "14109867"]
[WhiteElo "2613"]
[BlackElo "2644"]
[Result "1-0"]
[Round "03"]
[TimeControl "180+1"]
[Date "2022.12.13"]
[WhiteClock "0:00:05"]
[BlackClock "0:00:02"]

1. d4 d5 2. c4 dxc4 3. Nf3 Nf6 4. e3 e6 5. Bxc4 a6 6. a4 c5 7. O-O Nc6 8. Qe2 cxd4 9. Rd1 Be7 10. exd4 O-O 11. Nc3 Nb4 12. Ne5 Bd7 13. a5 Bc6 14. Nxc6 bxc6 15. Bf4 Nfd5 16. Bg3 Qd7 17. Na4 Qb7 18. Nc5 Qa7 19. Rac1 Rfd8 20. h4 h6 21. Qf3 Rac8 22. Bf1 Nf6 23. Qb3 Nfd5 24. Rc4 Rb8 25. Bxb8 Rxb8 26. Qg3 Rb5 27. Nb3 Bf6 28. Rcc1 Rb8 29. Nc5 Na2 30. Rc2 Nab4 31. Rc4 Rb5 32. Ne4 Bd8 33. Nd6 Bc7 34. Rc5 Qb8 35. Bxb5 cxb5 36. Rxc7 Qxc7 37. Ne4 Qc2 38. Qf3 Qxb2 39. Nd6 Nf6 40. Qa8+ Kh7 41. Nxf7 Ng4 42. Qh8+ Kg6 43. Ne5+ Nxe5 44. dxe5 Qxe5 45. h5+ Kf7 46. Qd8 Qxh5 47. Rd7+ Kg6 48. Qe8+ Kg5 49. Rxg7+ Kh4 50. g3+ Kh3 51. Qxh5# 1-0


[Site "https://www.chess.com"]